 Dungeon Crawl Stone Soup version 0.23.2-1-ga50397a6bc (webtiles) character file.

Game seed: 6357678808833608577

21 Nattfarinn the Sneak (level 2, 0/19 HPs)
             Began as a Vampire Enchanter on May 30, 2019.
             Slain by an adder (2 damage)
             ... on level 2 of the Dungeon.
             The game lasted 00:02:17 (1366 turns).

Nattfarinn the Sneak (Vampire Enchanter)            Turns: 1366, Time: 00:02:18

Health: 0/19       AC:  2    Str:  7    XL:     2   Next: 65%
Magic:  0/5        EV: 12    Int: 17    God:
Gold:   38         SH:  0    Dex: 14    Spells: 2/5 levels left

rFire    . . .     SeeInvis +   a - +1 dagger
rCold    . . .     Gourm    .   (no shield)
rNeg     + . .     Faith    .   b - +0 robe
rPois    .         Spirit   .   (no helmet)
rElec    .         Reflect  .   (no cloak)
rCorr    .         Harm     .   (no gloves)
MR       .....                  (no boots)
Stlth    +++.......             (no amulet)
HPRegen  0.06/turn              (no ring)
MPRegen  0.09/turn              (no ring)

@: lethally poisoned (0 -> -4)
A: fangs 3, see invisible, unbreathing
a: no special abilities


You were on level 2 of the Dungeon.
You were not thirsty.

You visited 1 branch of the dungeon, and saw 2 of its levels.

You collected 38 gold pieces.

Inventory:

Hand Weapons
 a - a +1 dagger (weapon)
Armour
 b - a +0 robe (worn)
Scrolls
 e - a scroll of noise {unknown}
 f - a scroll of teleportation {unknown}
 g - a scroll of identify {unknown}
 h - a scroll of remove curse {unknown}
 i - a scroll of immolation {unknown}
Potions
 c - a potion of mutation {unknown}
 d - a potion of agility {unknown}


   Skills:
 - Level 1.1 Short Blades
 - Level 2.1 Dodging
 * Level 5.1 Stealth
 + Level 2.2 Spellcasting
 * Level 5.0 Hexes


You had 2 spell levels left.
You knew the following spells:

 Your Spells              Type           Power        Failure   Level  Hunger
a - Corona                Hex            ###....      2%          1    #......
b - Ensorcelled Hibernat  Hex/Ice        ##....       10%         2    ###....

Your spell library contained the following spells:

 Spells                   Type           Power        Failure   Level  Hunger
 Confuse                  Hex            ###.....     7%          3    ###....
 Tukima's Dance           Hex            ###.....     7%          3    ###....
 Dazzling Spray           Conj/Hex       ##....       21%         3    ###....


Dungeon Overview and Level Annotations

Branches:
Dungeon (2/15)

Altars:


Innate Abilities, Weirdness & Mutations

You have razor-sharp teeth.
You have supernaturally acute eyesight. (SInv)
You can survive without breathing.


Message History

Confirm with . or Enter, or press ? or * to list all spells.
Aiming: Ensorcelled Hibernation (safe; 10% risk of failure)
Press: ? - help, Shift-Dir - straight line, f/p - adder
Aim: an adder (moderately wounded, softly glowing, chance to defeat MR: 50%)
The adder resists with some effort.
* * * LOW HITPOINT WARNING * * *
You feel sick. The adder closely misses you.
Yummy - fresh blood!
The adder bites you.
* * * LOW HITPOINT WARNING * * *
Yummy - fresh blood!
* * * LOW HITPOINT WARNING * * *
You feel sick.
The adder stops glowing.
The adder closely misses you. The adder barely misses you.
Yummy - fresh blood!
The adder misses you.
Yummy - fresh blood!
The adder bites you but does no damage.
You barely miss the adder. Your bite misses the adder.
The adder is moderately wounded.
* * * LOW HITPOINT WARNING * * *
You feel sick. The adder bites you.
You die...

.......# .......
.....# ....#
...# .r# #S# #@#
#.# ## #.# #.#
######.###
....(.......##.#
#.######.#.##.#
#........#.##.#
#.#.#)##.#.##.#
# #.#.####.##.#


You could see an adder and a rat.

Vanquished Creatures
  2 dart slugs (D:1)
  4 giant cockroaches (D:1)
  2 goblins
  2 hobgoblins
  4 bats
  2 frilled lizards
  A kobold (D:1)
17 creatures vanquished.

Notes
Turn   | Place    | Note
-------+----------+-------------------------------------------
     0 | D:1      | Nattfarinn the Vampire Enchanter began the quest for the
                  | Orb.
     0 | D:1      | Reached XP level 1. HP: 13/13 MP: 3/3
   592 | D:1      | Reached XP level 2. HP: 19/19 MP: 5/5
   603 | D:1      | Learned a level 2 spell: Ensorcelled Hibernation
   642 | D:1      | Reached skill level 5 in Stealth
   781 | D:1      | Reached skill level 5 in Hexes
  1366 | D:2      | Slain by an adder

Skill      XL: |  1  2 |
---------------+-------+-----
Stealth        | 5 |  5.1
Hexes          | 5 |  5.0
Short Blades   | |  1.1
Dodging        | |  2.1
Spellcasting   | |  2.2

Action                   || total
-------------------------++-------
Melee: Dagger            ||    51
       Bite              ||     3
 Cast: Ensorcelled Hiber ||     2
       Corona            ||     1
  Use: Potion            ||     4
 Stab: Sleeping          ||     9
Armor: Robe              ||    10
Dodge: Dodged            ||    26
